 Dungeon Crawl Stone Soup version 0.14.2 (webtiles) character file.

18 Amnesiac the Charlatan (level 2, 0/14 HPs)
             Began as a Spriggan Artificer on Feb 4, 2018.
             Succumbed to an adder's poison
             ... on Level 3 of the Dungeon.
             The game lasted 00:00:56 (689 turns).

Amnesiac the Charlatan (Spriggan Artificer)          Turns: 689, Time: 00:00:56

HP   0/14        AC  2     Str  7      XL: 2   Next: 41%
MP   5/5         EV 18     Int 13      God:
Gold 2           SH  0     Dex 16      Spells:  0 memorised,  1 level left

rFire  . . .     SeeInvis +     a - +0 short sword
rCold  . . .     Clarity  .     e - +0 robe
rNeg   . . .     Conserve .     (shield restricted)
rPois  .         rCorr    .     (helmet restricted)
rElec  .         rRot     .     (no cloak)
SustAb . .       Spirit   .     (gloves unavailable)
rMut   .         Warding  .     (boots unavailable)
Saprov . . .     Stasis   .     (no amulet)
MR     .....                    (no ring)
                                (no ring)

@: lethally poisoned, very quick, not resistant to hostile enchantments, fairly
stealthy
A: unfitting armour, see invisible, herbivore 3, speed 3, slow metabolism 2
a: no special abilities


You were on level 3 of the Dungeon.
You were not hungry.

You visited 1 branch of the dungeon, and saw 3 of its levels.

You collected 2 gold pieces.

Inventory:

Hand weapons
 a - a +0,+0 short sword (weapon)
Missiles
 g - 47 darts (quivered)
 j - 3 exploding darts
Armour
 e - a +0 robe (worn)
Magical devices
 b - a wand of flame (13)
 c - a wand of enslavement (15)
 d - a wand of random effects (15)
Comestibles
 k - a bread ration
Scrolls
 h - a scroll of blinking {!r, unknown}
 l - a scroll of random uselessness {!r, unknown}
 m - a scroll of identify {!r, unknown}
Potions
 f - a potion of porridge {!q}


   Skills:
 - Level 1.0 Fighting
 - Level 1.1 Short Blades
 + Level 3.4 Dodging
 - Level 1.5 Stealth
 * Level 4.9 Evocations


You had one spell level left.
You didn't know any spells.

Dungeon Overview and Level Annotations

Branches:
Dungeon (3/15)

Altars:


Innate Abilities, Weirdness & Mutations

You are tiny and cannot use many weapons and most armour.
You have supernaturally acute eyesight.
You are a herbivore.
You cover ground extremely quickly.
You need consume almost no food.


Message History

The bat hits you but does no damage. The bat closely misses you.
You miss the bat. The bat hits you but does no damage.
The bat completely misses you.
You hit the bat.
The bat is heavily wounded.
The bat barely misses you.
You barely miss the bat.
The bat is moderately wounded.
The bat closely misses you. The bat barely misses you.
The bat completely misses you. The bat barely misses you.
You closely miss the bat.
The bat is moderately wounded.
The bat misses you. The bat closely misses you.
You closely miss the bat.
The bat is moderately wounded.
The bat misses you. The bat hits you but does no damage.
You completely miss the bat.
The bat is moderately wounded.
The bat hits you but does no damage.
You closely miss the bat.
The bat is moderately wounded.
The bat hits you but does no damage. The bat barely misses you.
You closely miss the bat.
The bat is moderately wounded.
The bat barely misses you.
An adder comes into view.
The bat hits you.
You hit the bat.
The bat is severely wounded.
The bat misses you.
You hit the bat.
You kill the bat!
You barely miss the adder. The adder closely misses you.
The adder bites you but does no damage.
You closely miss the adder. The adder closely misses you.
You hit the adder.
The adder is severely wounded.
The adder bites you but does no damage. The adder bites you.
You closely miss the adder.
The adder is heavily wounded.
The adder bites you.
You closely miss the adder.
The adder is heavily wounded.
The adder bites you.
You hit the adder but do no damage.
The adder is heavily wounded.
The adder bites you.
* * * LOW HITPOINT WARNING * * *
You are lethally poisoned!
The adder poisons you! The adder bites you.
* * * LOW HITPOINT WARNING * * *
You are too injured to fight recklessly!
You are too injured to fight recklessly!
You are too injured to fight recklessly!
You are too injured to fight recklessly!
You are too injured to fight recklessly!
Unknown command.
Drink which item? (? for menu, Esc to quit)
Really quaff
i - a silvery potion {!q}?
You feel refreshed.
It was a potion of restore abilities {!q}.
You die...

### #######.#
.......S.# ##
#@#
.....###.#####
#..........#
#..#.#.###.# #
#.#.# # #.# .
#.# #.# #.#
#.# #.# #.#


You could see an adder.

Vanquished Creatures
  An adder (D:2)
  A bat (D:3)
  A giant cockroach (D:1)
  A hobgoblin (D:1)
  A jackal (D:2)
  A giant gecko (D:1)
  2 kobolds (D:2)
8 creatures vanquished.

Notes
Turn   | Place    | Note
--------------------------------------------------------------
     0 | D:1      | Amnesiac, the Spriggan Artificer, began the quest for the Orb.
     0 | D:1      | Reached XP level 1. HP: 9/9 MP: 2/2
    34 | D:1      | Reached skill level 1 in Fighting
   244 | D:2      | Reached XP level 2. HP: 14/14 MP: 5/5
   689 | D:3      | Succumbed to an adder's poison

Action                   || total
-------------------------++-------
Melee: Short sword       ||    41
Evoke: Wand              ||     2
  Use: Potion            ||     1
 Stab: Sleeping          ||     1
